ESL (28 & UNDER)
SPRINGFIELD SIMPSONS @ BUTLER WHITE SOX
04/12/2026
 
TOP OF THE 1ST
Springfield Simpsons batting - Pitching for Butler White Sox : RHP Ronald Cotton
Pitching: RHP Ronald Cotton
Batting: SHB Jorge García 0-0: Foul Ball, location: 2F
0-1: Ball
1-1: Foul Ball, location: 2F
1-2: Ground out 2-3 (Groundball, 23)
Batting: RHB Manny Ramírez 0-0: Fly out, F7 (Line Drive, 7M)
Batting: LHB José González 0-0: Called Strike
0-1: Ball
1-1: Foul Ball, location: 2F
1-2: Fly out, F9 (Flyball, 89S)
Top of the 1st over - 0 run(s), 0 hit(s), 0 error(s), 0 left on base; Springfield 0 - Butler 0
BOTTOM OF THE 1ST
Butler White Sox batting - Pitching for Springfield Simpsons : RHP Rod Day
Pitching: RHP Rod Day
Batting: LHB Don Hull 0-0: SINGLE (Popup, 4MD)
Batting: LHB Mark Everett 0-0: Swinging Strike
0-1: Called Strike
0-2: Foul Ball, location: 2F
0-2: Ball
1-2: Fly out, F8 (Flyball, 8LM)
Batting: RHB Richard Bankhead 0-0: Ball
1-0: Ball
2-0: Foul Ball, location: 2F
2-1: Foul Ball, location: 2F
2-2: Foul Ball, location: 2F
2-2: Ball
Don Hull steals 2nd base
3-2: Base on Balls
Batting: RHB Rodney González 0-0: Ball
1-0: Ball
2-0: Ball
3-0: Called Strike
3-1: Base on Balls
Don Hull to third
Richard Bankhead to second
Batting: LHB Pat Weaver 0-0: Ball
1-0: Called Strike
1-1: Foul Ball, location: 2F
1-2: Foul Ball, location: 2F
1-2: Strikes out swinging
Batting: RHB John Brown 0-0: Fly out, F9 (Flyball, 9LM)
Bottom of the 1st over - 0 run(s), 1 hit(s), 0 error(s), 3 left on base; Springfield 0 - Butler 0
TOP OF THE 2ND
Springfield Simpsons batting - Pitching for Butler White Sox : RHP Ronald Cotton
Batting: SHB José Cruz 0-0: Ball
1-0: Swinging Strike
1-1: Swinging Strike
1-2: Ball
2-2: Foul Ball, location: 2F
2-2: Ball
3-2: Strikes out swinging
Batting: RHB Gavin Downey 0-0: Called Strike
0-1: Swinging Strike
0-2: Ball
1-2: SINGLE (Flyball, 8RS)
Batting: RHB Esteban Salas 0-0: Ball
1-0: Ball
2-0: Ball
3-0: Called Strike
3-1: Called Strike
3-2: Foul Ball, location: 2F
3-2: Ground out 6-3 (Groundball, 6)
Gavin Downey to second
Batting: LHB Tony O'Bryan 0-0: Foul Ball, location: 2F
0-1: Ground out 4-3 (Groundball, 4)
Top of the 2nd over - 0 run(s), 1 hit(s), 0 error(s), 1 left on base; Springfield 0 - Butler 0
BOTTOM OF THE 2ND
Butler White Sox batting - Pitching for Springfield Simpsons : RHP Rod Day
Batting: LHB Félix Fernández 0-0: Called Strike
0-1: Ball
1-1: Ball
2-1: Ground out 4-3 (Groundball, 4)
Batting: RHB Evan Robinson 0-0: Called Strike
0-1: Swinging Strike
0-2: Strikes out swinging
Batting: RHB Luis Ramos 0-0: Ball
1-0: Called Strike
1-1: Ball
2-1: DOUBLE (Flyball, 8RXD)
Batting: LHB Don Hull Pickoff Throw to Second - Out!
Bottom of the 2nd over - 0 run(s), 1 hit(s), 0 error(s), 0 left on base; Springfield 0 - Butler 0
TOP OF THE 3RD
Springfield Simpsons batting - Pitching for Butler White Sox : RHP Ronald Cotton
Batting: LHB Pedro Cerda 0-0: Foul Ball, location: 2F
0-1: Ball
1-1: Foul Ball, location: 2F
1-2: DOUBLE (Line Drive, 89D)
Batting: RHB Valentín Ramírez 0-0: Swinging Strike
0-1: Ball
1-1: DOUBLE (Line Drive, 7LM)
Pedro Cerda scores
Batting: SHB Jorge García 0-0: Swinging Strike
0-1: Ball
1-1: Ball
2-1: Fly out, F3 (Line Drive, 34)
Batting: RHB Manny Ramírez 0-0: Foul Ball, location: 2F
0-1: Ball
1-1: Ball
2-1: Foul Ball, location: 2F
2-2: Reached on error, E6 (Groundball, 56)
Valentín Ramírez to third
Batting: LHB José González 0-0: Called Strike
Throwing error on steal attempt, E2
Valentín Ramírez scores
Manny Ramírez to third
0-1: Swinging Strike
0-2: Ball
1-2: Foul Ball, location: 2F
1-2: DOUBLE (Flyball, 7LS)
Manny Ramírez scores
Batting: SHB José Cruz 0-0: Called Strike
0-1: Ground out 4-3 (Groundball, 4)
José González to third
Batting: RHB Gavin Downey 0-0: Ball
1-0: Ball
2-0: Ball
3-0: Called Strike
3-1: Ground out 5-3 (Groundball, 5)
Top of the 3rd over - 3 run(s), 3 hit(s), 2 error(s), 1 left on base; Springfield 3 - Butler 0
BOTTOM OF THE 3RD
Butler White Sox batting - Pitching for Springfield Simpsons : RHP Rod Day
Batting: LHB Don Hull 0-0: Called Strike
0-1: Foul Ball, location: 2F
0-2: Ball
1-2: Strikes out swinging
Batting: LHB Mark Everett 0-0: Ball
1-0: Foul Ball, location: 2F
1-1: Ball
2-1: Fly out, F6 (Popup, 6S)
Batting: RHB Richard Bankhead 0-0: Foul Ball, location: 2F
0-1: Ground out 5-3 (Groundball, 5S)
Bottom of the 3rd over - 0 run(s), 0 hit(s), 0 error(s), 0 left on base; Springfield 3 - Butler 0
TOP OF THE 4TH
Springfield Simpsons batting - Pitching for Butler White Sox : RHP Ronald Cotton
Batting: RHB Esteban Salas 0-0: Ball
1-0: Ball
2-0: Swinging Strike
2-1: Foul Ball, location: 2F
2-2: Ball
3-2: Ground out 1-3 (Groundball, 13S)
Batting: LHB Tony O'Bryan 0-0: Swinging Strike
0-1: Foul Ball, location: 2F
0-2: Strikes out swinging
Batting: LHB Pedro Cerda 0-0: Ball
1-0: Ball
2-0: Foul Ball, location: 2F
2-1: Called Strike
2-2: SINGLE (Groundball, 34D)
Batting: RHB Valentín Ramírez 0-0: Foul Ball, location: 2F
0-1: Foul Ball, location: 2F
0-2: Reached on error, E5 (Groundball, 15S)
Pedro Cerda to second
Batting: SHB Jorge García 0-0: Ball
1-0: Foul Ball, location: 2F
1-1: Ground out 3-1 (Groundball, 34S)
Top of the 4th over - 0 run(s), 1 hit(s), 1 error(s), 2 left on base; Springfield 3 - Butler 0
BOTTOM OF THE 4TH
Butler White Sox batting - Pitching for Springfield Simpsons : RHP Rod Day
Batting: RHB Rodney González 0-0: Called Strike
0-1: Ball
1-1: Swinging Strike
1-2: Strikes out swinging
Batting: LHB Pat Weaver 0-0: Ball
1-0: Ball
2-0: Foul Ball, location: 2F
2-1: Swinging Strike
2-2: Foul Ball, location: 2F
2-2: Strikes out swinging
Batting: RHB John Brown 0-0: Called Strike
0-1: Ball
1-1: Ground out 5-3 (Groundball, 56)
Bottom of the 4th over - 0 run(s), 0 hit(s), 0 error(s), 0 left on base; Springfield 3 - Butler 0
TOP OF THE 5TH
Springfield Simpsons batting - Pitching for Butler White Sox : RHP Ronald Cotton
Batting: RHB Manny Ramírez 0-0: Ball
1-0: Ball
2-0: SINGLE (Groundball, 56)
Batting: LHB José González 0-0: Called Strike
0-1: SINGLE (Line Drive, 34D)
Manny Ramírez to second
Runner from 2nd tries for 3rd, SAFE, throw made to third
José González to second
Batting: SHB José Cruz 0-0: Called Strike
0-1: Ball
1-1: Swinging Strike
1-2: Strikes out swinging
Batting: RHB Gavin Downey 0-0: Foul Ball, location: 2F
0-1: Foul Ball, location: 2F
0-2: Ball
1-2: Ground out 4-3 (Groundball, 4M)
Manny Ramírez scores
José González to third
Batting: RHB Esteban Salas 0-0: Ball
1-0: Ball
2-0: Ball
3-0: Base on Balls
Batting: LHB Tony O'Bryan 0-0: Ground out U3 (Groundball, 3S)
Top of the 5th over - 1 run(s), 2 hit(s), 0 error(s), 2 left on base; Springfield 4 - Butler 0
BOTTOM OF THE 5TH
Butler White Sox batting - Pitching for Springfield Simpsons : RHP Rod Day
Batting: LHB Félix Fernández 0-0: Called Strike
0-1: Swinging Strike
0-2: Ball
1-2: Strikes out swinging
Batting: RHB Evan Robinson 0-0: Called Strike
0-1: Ball
1-1: Swinging Strike
1-2: Fly out, F8 (Flyball, 8LXD)
Batting: RHB Luis Ramos 0-0: Called Strike
0-1: Foul Ball, location: 2F
0-2: Ball
1-2: Strikes out swinging
Bottom of the 5th over - 0 run(s), 0 hit(s), 0 error(s), 0 left on base; Springfield 4 - Butler 0
TOP OF THE 6TH
Springfield Simpsons batting - Pitching for Butler White Sox : RHP Ronald Cotton
Batting: LHB Pedro Cerda 0-0: Ball
1-0: Swinging Strike
1-1: Ball
2-1: Fly out, F5 (Popup, 15S)
Batting: RHB Valentín Ramírez 0-0: Called Strike
0-1: Swinging Strike
0-2: Ground out 5-3 (Groundball, 5)
Batting: SHB Jorge García 0-0: Called Strike
0-1: Called Strike
0-2: Ball
1-2: Strikes out swinging
Top of the 6th over - 0 run(s), 0 hit(s), 0 error(s), 0 left on base; Springfield 4 - Butler 0
BOTTOM OF THE 6TH
Butler White Sox batting - Pitching for Springfield Simpsons : RHP Rod Day
Batting: LHB Don Hull 0-0: Called Strike
0-1: Foul Ball, location: 2F
0-2: SINGLE (Groundball, 34D)
Batting: LHB Mark Everett 0-0: Ball
1-0: Ball
2-0: Ground out 5-3 (Groundball, 56S)
Don Hull to second
Batting: RHB Richard Bankhead 0-0: Called Strike
0-1: Foul Ball, location: 2F
0-2: Ball
1-2: Strikes out swinging
Batting: RHB Rodney González 0-0: Ball
1-0: Ball
2-0: Ball
3-0: Base on Balls
Batting: LHB Pat Weaver 0-0: Called Strike
0-1: Ball
1-1: Fly out, F7 (Flyball, 7D)
Bottom of the 6th over - 0 run(s), 1 hit(s), 0 error(s), 2 left on base; Springfield 4 - Butler 0
TOP OF THE 7TH
Springfield Simpsons batting - Pitching for Butler White Sox : RHP Ronald Cotton
Batting: RHB Manny Ramírez 0-0: Ball
1-0: Ball
2-0: Ball
3-0: Base on Balls
Batting: LHB José González 0-0: Foul Ball, location: 2F
0-1: Foul Ball, location: 2F
0-2: Ball
1-2: Ball
2-2: Foul Ball, location: 2F
2-2: Grounds into double play, 1-6-3 (Groundball, 15)
Batting: SHB José Cruz 0-0: Called Strike
0-1: Foul Ball, location: 2F
0-2: Ball
1-2: Ball
2-2: Foul Ball, location: 2F
2-2: Foul Ball, location: 2F
2-2: Foul Ball, location: 2F
2-2: Strikes out swinging
Top of the 7th over - 0 run(s), 0 hit(s), 0 error(s), 0 left on base; Springfield 4 - Butler 0
BOTTOM OF THE 7TH
Butler White Sox batting - Pitching for Springfield Simpsons : RHP Rod Day
Batting: RHB John Brown 0-0: Swinging Strike
0-1: Called Strike
0-2: Ball
1-2: Strikes out swinging
Batting: LHB Félix Fernández 0-0: Ground out 3-1 (Groundball, 34S)
Batting: RHB Evan Robinson 0-0: Called Strike
0-1: Foul Ball, location: 2F
0-2: Strikes out swinging
Bottom of the 7th over - 0 run(s), 0 hit(s), 0 error(s), 0 left on base; Springfield 4 - Butler 0
TOP OF THE 8TH
Springfield Simpsons batting - Pitching for Butler White Sox : RHP Ronald Cotton
Batting: RHB Gavin Downey 0-0: SINGLE (Flyball, 7LS)
Batting: RHB Esteban Salas 0-0: Sac Bunt - play at second, runner safe!
Batting: LHB Tony O'Bryan 0-0: Ball
1-0: Sac Bunt - play at first, batter OUT! 5-3
Gavin Downey to third
Esteban Salas to second
Batting: LHB Pedro Cerda 0-0: Intentional Walk
Pitching: RHP Manny Pérez
Batting: RHB Valentín Ramírez 0-0: Called Strike
0-1: Foul Ball, location: 2F
0-2: Foul Ball, location: 2F
0-2: Reached on error, E6 (Groundball, 56)
Gavin Downey scores
Esteban Salas to third
Pedro Cerda to second
Batting: SHB Jorge García 0-0: Foul Ball, location: 2F
0-1: Ball
1-1: Called Strike
1-2: Ball
2-2: Ball
3-2: Ground out 5-3 (Groundball, 6S)
Esteban Salas scores
Pedro Cerda to third
Valentín Ramírez to second
Batting: RHB Manny Ramírez 0-0: Ball
1-0: Ground out 5-3 (Groundball, 56S)
Top of the 8th over - 2 run(s), 1 hit(s), 1 error(s), 2 left on base; Springfield 6 - Butler 0
BOTTOM OF THE 8TH
Butler White Sox batting - Pitching for Springfield Simpsons : RHP Rod Day
Pitching: RHP Ryan Klein
Now at C: Kawanari Hara
Batting: RHB Luis Ramos 0-0: Ball
1-0: Ball
2-0: SINGLE (Line Drive, 56)
Batting: LHB Don Hull 0-0: Ball
1-0: Swinging Strike
1-1: SINGLE (Line Drive, 8RS)
Luis Ramos to second
Batting: LHB Mark Everett 0-0: Ball
1-0: Ball
Wild Pitch!
Luis Ramos to third
Don Hull to second
2-0: Ball
3-0: Base on Balls
Batting: RHB Richard Bankhead 0-0: Called Strike
0-1: Ball
1-1: Called Strike
1-2: Ball
2-2: Strikes out swinging
Batting: RHB Rodney González 0-0: Ball
1-0: Swinging Strike
1-1: Called Strike
1-2: Ball
2-2: Foul Ball, location: 2F
2-2: Ball
3-2: Foul Ball, location: 2F
3-2: Base on Balls
Luis Ramos scores
Don Hull to third
Mark Everett to second
Pitching: LHP Rubén Rico
Batting: LHB Pat Weaver 0-0: Fielders Choice at 2nd, 4-6 (Groundball, 4M)
Don Hull scores
Mark Everett to third
Batting: RHB John Brown 0-0: Called Strike
0-1: Called Strike
0-2: Strikes out swinging
Bottom of the 8th over - 2 run(s), 2 hit(s), 0 error(s), 2 left on base; Springfield 6 - Butler 2
TOP OF THE 9TH
Springfield Simpsons batting - Pitching for Butler White Sox : RHP Manny Pérez
Batting: LHB José González 0-0: Ball
1-0: Ball
2-0: SINGLE (Groundball, 4MD)
Batting: SHB José Cruz 0-0: Swinging Strike
0-1: Ball
1-1: Called Strike
1-2: Ball
2-2: Strikes out swinging
Batting: RHB Gavin Downey 0-0: Called Strike
0-1: Ball
1-1: Foul Ball, location: 2F
1-2: Foul Ball, location: 2F
1-2: Ground out 5-3 (Groundball, 5S)
José González to second
Batting: RHB Esteban Salas 0-0: Fly out, F8 (Line Drive, 8RM)
Top of the 9th over - 0 run(s), 1 hit(s), 0 error(s), 1 left on base; Springfield 6 - Butler 2
BOTTOM OF THE 9TH
Butler White Sox batting - Pitching for Springfield Simpsons : LHP Rubén Rico
Batting: LHB Félix Fernández 0-0: Swinging Strike
0-1: Swinging Strike
0-2: Foul Ball, location: 2F
0-2: Ball
1-2: Ball
2-2: Ground out U3 (Groundball, 3)
Batting: RHB Evan Robinson 0-0: Ball
1-0: Fly out, F6 (Popup, 6MD)
Batting: RHB Luis Ramos 0-0: Ball
1-0: Called Strike
1-1: Ball
2-1: Swinging Strike
2-2: Ball
3-2: Foul Ball, location: 2F
3-2: Foul Ball, location: 2F
3-2: Strikes out swinging
Bottom of the 9th over - 0 run(s), 0 hit(s), 0 error(s), 0 left on base; Springfield 6 - Butler 2
Monday, December 5th, 2016 - OOTP Baseball 17.12 Build 75